 Dungeon Crawl Stone Soup version 0.27-a0-385-g3208abaabc (webtiles) character file.

Game seed: 13714146060349901708

4763 EnegeticOcto the Basher (level 10, -13/79 HPs)
             Began as a Barachi Warper on Feb 18, 2021.
             Was an Elder of Cheibriados.
             Mangled by an orc warrior
             ... wielding a +0 glaive
              (15 damage)
             ... on level 10 of the Dungeon.
             The game lasted 00:17:06 (14089 turns).

EnegeticOcto the Basher (Barachi Warper)           Turns: 14089, Time: 00:17:07

Health: -13/79     AC: 14    Str: 22    XL:     10   Next: 47%
Magic:  4/13       EV: 11    Int: 28    God:    Cheibriados [****..]
Gold:   677        SH:  7    Dex: 24    Spells: 4/13 levels left

rFire    + . .     SeeInvis .   v - +0 flail
rCold    . . .     Faith    .   g - +2 buckler
rNeg     . . .     Spirit   .   u - +2 chain mail {rF+}
rPois    +         Reflect  .   (no helmet)
rElec    .         Harm     .   E - +0 cloak
rCorr    .         Rampage  .   C - +1 pair of gloves
Will     .....                  (no boots)
Stlth    ..........             (no amulet)
HPRegen  0.23/turn              c - ring of poison resistance
MPRegen  0.13/turn              o - +6 ring of intelligence

@: can't hop, slowed, very slow
A: +LOS, swims, slowness 1, strong legs 1
a: Hop, Renounce Religion, Bend Time, Temporal Distortion, Slouch


You were on level 10 of the Dungeon.
You worshipped Cheibriados.
Cheibriados was greatly pleased with you.
You visited 2 branches of the dungeon, and saw 12 of its levels.

You collected 677 gold pieces.

Inventory:

Hand Weapons
 a - a +1 mace
 v - a +0 flail (weapon)
   (You found it on level 5 of the Dungeon)
 w - a +2 spear of venom
   (You took it off a gnoll sergeant on level 6 of the Dungeon)
Missiles
 e - 5 boomerangs of dispersal
 j - 18 poisoned darts (quivered)
 p - 11 boomerangs
Armour
 g - a +2 buckler (worn)
   (You found it on level 7 of the Dungeon)
 s - a +1 ring mail of cold resistance
   (You found it on level 4 of the Dungeon)
 u - a +2 chain mail of fire resistance (worn)
   (You took it off an orc warrior on level 8 of the Dungeon)
 C - a +1 pair of gloves (worn)
   (You found it on level 10 of the Dungeon)
 E - a +0 cloak (worn)
   (You found it on level 10 of the Dungeon)
Jewellery
 c - a ring of poison resistance (left hand)
   (You found it on level 2 of the Dungeon)
 o - a +6 ring of intelligence (right hand)
   (You found it on level 8 of the Dungeon)
Wands
 x - a wand of digging (10) {@v3}
   (You found it on level 5 of the Dungeon)
 y - a wand of acid (10) {@v1}
   (You found it on level 9 of the Dungeon)
 z - a wand of flame (30) {@v4}
   (You found it on level 6 of the Dungeon)
Scrolls
 b - a scroll of identify {@r1}
 f - 2 scrolls of teleportation {@r3 !r}
 t - a scroll of enchant weapon
 D - a scroll of magic mapping {@r5 !r}
Potions
 d - a potion of resistance
 h - 3 potions of brilliance
 k - a potion of flight
 l - 5 potions of ambrosia
 m - a potion of lignification {@q6}
 n - a potion of might {@q3 !q}
 q - a potion of cancellation
 A - a potion of curing {@q1 !q}
 B - 2 potions of berserk rage


   Skills:
 - Level 7.0 Fighting
 * Level 13.0 Maces & Flails
 - Level 1.0 Throwing
 - Level 4.0 Armour
 - Level 5.0 Dodging
 - Level 2.1 Spellcasting
 - Level 3.4 Translocations
 - Level 4.0 Invocations


You had 4 spell levels left.
You knew the following spells:

 Your Spells              Type           Power        Failure   Level
a - Lesser Beckoning      Tloc           11%          67%         3
b - Manifold Assault      Tloc           22%          97%         4
Y - Blink                 Tloc           N/A          43%         2

Your spell library contained the following spells:

 Spells                   Type           Power        Failure   Level
 Gell's Gravitas          Tloc           11%          67%         3
 Teleport Other           Tloc           22%          67%         3


Dungeon Overview and Level Annotations

Branches:
Dungeon (11/15)            Temple (1/1) D:5
   Lair: D:8-11         Orc: D:9-12

Altars:
Ashenzari
Cheibriados
Dithmenos
Elyvilon
Fedhas
Gozag
Hepliaklqana
Kikubaaqudgha
Makhleb
Nemelex Xobeh
Okawaru
Qazlal
Ru
Sif Muna
Trog
Uskayaw
Vehumet
Wu Jian
Xom
Yredelemnul
Zin
The Shining One
Beogh

Shops:
D:6 !!=   D:9 [

Annotations:
D:8 Gastronok


Innate Abilities, Weirdness & Mutations

You can be seen from farther away. (+LOS)
You can swim through water.
You cover ground slowly.
You can hop short distances.


Message History

Cheibriados appreciates the change of pace.
The iguana is no longer moving slowly.
You block the iguana's attack.
Your Maces & Flails skill increases to level 13!
You hit the wraith.
The wraith is lightly damaged.
You block the orc warrior's attack. The wraith hits you but does no damage.
The iguana bites you but does no damage.
You barely miss the wraith.
The wraith is lightly damaged.
The wraith hits you. The wraith drains your vigour!
You feel yourself slow down. You block the orc warrior's attack.
You hit the wraith.
The wraith is moderately damaged.
You block the iguana's attack. The wraith hits you!
The wraith drains your vigour!
You feel as though you will be slow longer.
The iguana bites you but does no damage.
The orc warrior hits you from afar with a +0 glaive!!
You completely miss the wraith.
The wraith is moderately damaged.
The wraith hits you. You block the iguana's attack.
The orc warrior hits you but does no damage.
The orc priest calls upon Beogh to heal the orc warrior.
The orc warrior is healed somewhat.
The flow of time bends around you.
Cheibriados rebukes the wraith.
The wraith seems to slow down.
Cheibriados rebukes the iguana.
The iguana seems to slow down.
You block the wraith's attack.
The iguana bites you but does no damage.
The orc warrior hits you but does no damage.
Okay, then.
Really quaff
i - a potion of heal wounds {@q2 !q}?
You feel much better.
Your transformation is almost over.
The wraith hits you but does no damage.
The orc warrior hits you but does no damage.
The iguana bites you but does no damage.
Okay, then.
You hit the wraith.
The wraith is moderately damaged.
You block the orc warrior's attack. You block the wraith's attack.
The iguana bites you but does no damage.
You hit the wraith but do no damage.
The wraith is moderately damaged.
You block the orc warrior's attack. The wraith hits you but does no damage.
You hit the wraith but do no damage.
The wraith is moderately damaged.
You block the iguana's attack. You block the orc warrior's attack.
The orc priest mumbles some strange prayers to Beogh against you.
Beogh smites you! The wraith hits you but does no damage.
You hit the wraith.
The wraith is heavily damaged.
The orc warrior hits you from afar with a +0 glaive.
You block the iguana's attack.
You barely miss the wraith.
The wraith is heavily damaged.
The wraith hits you but does no damage.
The orc warrior hits you from afar with a +0 glaive!
The iguana bites you.
You hit the wraith but do no damage.
The wraith is heavily damaged.
The wraith is no longer moving slowly.
The orc warrior hits you but does no damage.
The wraith hits you but does no damage.
You barely miss the wraith.
The wraith is heavily damaged.
You feel less wooden.
Your +0 cloak unmelds from your body.
Your +1 pair of gloves unmelds from your body.
Your +2 chain mail of fire resistance unmelds from your body.
You feel resistant to fire. The iguana bites you!
The wraith hits you but does no damage.
The orc warrior hits you from afar with a +0 glaive!
* * * LOW HITPOINT WARNING * * *
Hop to where?
Press: ? - help, Dir - move target Boing!
The iguana bites you!
* * * LOW HITPOINT WARNING * * *
Found a robe.
Okay, then.
Okay, then.
Okay, then.
The iguana is no longer moving slowly.
The orc priest mumbles some strange prayers to Beogh against you.
You struggle to resist.
The iguana misses you.
The orc priest miscasts a cantrip.
The iguana closely misses you. The orc priest barely misses you.
You block the iguana's attack.
You feel yourself speed up. The orc priest barely misses you.
The iguana bites you but does no damage.
The orc priest barely misses you. The iguana barely misses you.
The orc priest hits you but does no damage.
There is a stone staircase leading up here.
The wraith hits you.
* * * LOW HITPOINT WARNING * * *
The wraith drains your vigour!
You feel yourself slow down.
The orc warrior hits you from afar with a +0 glaive!
You die...

#.# .##### #.##
......###..#
.......[#..###
.......#....# ...........#
#....... # #....W### #..
.. #...@loW# ###.. #.
###..o#.# .... .
.........#.# #..
W..#.####..#o# #..
W.>........#W#.##.#.####..
.<...W....................
.#.###..†#.#.##...###...
#.W.....#.#.# .........
#......##.#.# ..###...


You could see 2 wraiths, an orc warrior, an iguana and an orc priest.

Vanquished Creatures
  Josephine (D:10)
  2 wraiths (D:10)
  5 orc warriors
  An eye of draining (D:8)
  2 sky beasts (D:5)
  3 ogres
  A black bear (D:8)
  2 necrophages
  2 ice beasts
  3 centaurs
  2 phantoms
  3 bullfrogs
  A gnoll sergeant (D:6)
  A water moccasin skeleton (D:7)
  2 scorpions (D:8)
  A howler monkey (D:7)
  A bullfrog zombie (D:5)
  A quasit (D:8)
  5 hounds
  3 jellies
  2 orc priests
  A bullfrog skeleton (D:7)
  4 centaur skeletons
  A gnoll shaman (D:6)
  5 iguanas
  5 orc wizards
  10 worker ants
  A killer bee zombie (D:7)
  2 hound zombies
  2 hound skeletons
  12 gnolls
  A howler monkey skeleton (D:6)
  10 adders
  2 shadow imps
  2 white imps
  An adder zombie (D:3)
  An adder skeleton (D:3)
  5 worms
  A dart slug (D:2)
  4 leopard geckos
  39 orcs
  2 ball pythons
  4 giant cockroaches
  2 goblins (D:3)
  5 hobgoblins
  2 jackals (D:6)
  4 quokkas
  2 bats (D:2)
  3 frilled lizards
  A jackal zombie (D:6)
  6 kobolds
  A quokka skeleton (D:4)
  5 rats
190 creatures vanquished.

Vanquished Creatures (others)
  3 withered plants (D:3)
3 creatures vanquished.

Grand Total: 193 creatures vanquished

Notes
Turn   | Place    | Note
-------+----------+-------------------------------------------
     0 | D:1      | EnegeticOcto the Barachi Warper began the quest for the
                  | Orb.
     0 | D:1      | Reached XP level 1. HP: 17/17 MP: 3/3
  1469 | D:2      | Reached skill level 3 in Maces & Flails
  1469 | D:2      | Reached XP level 2. HP: 21/23 MP: 5/5
  1982 | D:2      | You fall into a shaft and drop 2 floors!
  1994 | D:3      | Reached XP level 3. HP: 25/28 MP: 6/6
  2019 | D:3      | Found a shimmering blue altar of Sif Muna.
  2338 | D:4      | Reached skill level 4 in Maces & Flails
  2338 | D:4      | Reached XP level 4. HP: 28/34 MP: 7/7
  2448 | D:3      | Reached skill level 5 in Maces & Flails
  3021 | D:2      | Learned a level 2 spell: Blink
  3095 | D:3      | Reached XP level 5. HP: 24/39 MP: 8/8
  3716 | D:3      | Reached skill level 6 in Maces & Flails
  4202 | D:4      | Reached XP level 6. HP: 46/46 MP: 9/9
  4422 | D:4      | Found a roughly hewn altar of Beogh.
  4444 | D:4      | Reached skill level 3 in Fighting
  4448 | D:4      | Reached skill level 7 in Maces & Flails
  5049 | D:5      | Entered Level 5 of the Dungeon
  5051 | D:5      | Noticed a sky beast
  5347 | D:5      | Found a staircase to the Ecumenical Temple.
  5372 | D:5      | Reached XP level 7. HP: 20/53 MP: 10/10
  5655 | Temple   | Entered the Ecumenical Temple
  5676 | Temple   | Became a worshipper of Cheibriados the Contemplative
  5791 | D:5      | Reached skill level 4 in Fighting
  5792 | D:5      | Reached skill level 8 in Maces & Flails
  7372 | D:5      | Reached skill level 5 in Fighting
  7372 | D:5      | Reached XP level 8. HP: 17/62 MP: 11/11
  7619 | D:5      | Reached skill level 9 in Maces & Flails
  7843 | D:5      | Learned a level 4 spell: Manifold Assault
  7847 | D:5      | Learned a level 3 spell: Lesser Beckoning
  8210 | D:6      | Reached * piety under Cheibriados
  8554 | D:6      | Reached skill level 6 in Fighting
  8846 | D:6      | Found Jaowijy's Jewellery Shoppe.
  9052 | D:6      | Found a blossoming altar of Fedhas.
  9061 | D:6      | Reached skill level 10 in Maces & Flails
  9235 | D:6      | Found Banwicw's Distillery.
  9246 | D:6      | Found Notis's Distillery.
  9449 | D:6      | Reached ** piety under Cheibriados
 10165 | D:7      | Reached skill level 7 in Fighting
 10165 | D:7      | Reached XP level 9. HP: 51/72 MP: 12/12
 10609 | D:7      | Reached skill level 2 in Armour
 10609 | D:7      | Reached skill level 1 in Invocations
 10720 | D:7      | Reached skill level 11 in Maces & Flails
 10897 | D:7      | Reached skill level 3 in Dodging
 11283 | D:7      | Reached skill level 3 in Armour
 11513 | D:7      | Reached *** piety under Cheibriados
 11544 | D:7      | Reached skill level 2 in Invocations
 12398 | D:8      | Reached skill level 4 in Dodging
 12509 | D:8      | Reached skill level 4 in Armour
 13231 | D:8      | Reached skill level 3 in Invocations
 13231 | D:8      | Reached XP level 10. HP: 62/79 MP: 13/13
 13513 | D:8      | Reached skill level 12 in Maces & Flails
 13710 | D:8      | Noticed Gastronok
 13766 | D:9      | Reached **** piety under Cheibriados
 13859 | D:9      | Found Haic's Antique Armour Shoppe.
 13859 | D:9      | You fall into a shaft and drop 2 floors!
 13871 | D:10     | Entered Level 10 of the Dungeon
 14025 | D:10     | Reached skill level 5 in Dodging
 14025 | D:10     | Noticed Josephine
 14052 | D:10     | Killed Josephine
 14053 | D:10     | Reached skill level 4 in Invocations
 14072 | D:10     | Reached skill level 13 in Maces & Flails
 14089 | D:10     | HP: 2/79 [wraith[Josephine] (6)]
 14089 | D:10     | Mangled by an orc warrior

Illustrated notes

Levels and vault maps discovered:
D:1:      shiori_arrival_elements, layout_basic, minmay_crystal_water
D:2:      layout_basic, serial_curves, eino_curves_04, eino_curves_02
D:3:      layout_rooms, nicolae_overflow_hidden_temple, serial_undead,
          serial_undead_e, serial_undead_b, serial_undead_d, serial_undead_e,
          serial_undead_d, serial_undead_d, serial_undead_e,
          kennysheep_generic_room_14
D:4:      layout_cave_pools, kennysheep_orc_chapel
D:5:      layout_gridville, minmay_temple_entry_sparse_star,
          hangedman_abyss_or_decor_stabs
D:6:      layout_basic, serial_shops, shop, nicolae_shop_crystal, shop_coins,
          fedhas_bush_and_centaur_altar
D:7:      layout_layer_cave
D:8:      layout_loops_corners, uniq_gastronok
D:9:      layout_irregular_city, serial_shops, shop, kennysheep_little_box,
          shop, nicolae_shop_statue_plus, nicolae_shop_stone
D:10:     layout_basic, uniq_fannar, uniq_nergalle, uniq_josephine
D:11:     layout_rooms, erik_lair_orcish_takeover, orc_0_dummy, uniq_grum
Temple:   nicolae_temple_the_god_donut

Skill      XL: |  1  2  3  4  5  6  7  8  9 10 |
---------------+-------------------------------+-----
Maces & Flails | 3 4 5 6 7 8 10 11 13 | 13.0
Fighting       | 3 5 7 |  7.0
Armour         | 4 |  4.0
Invocations    | 3 4 |  4.0
Dodging        | 4 5 |  5.0
Throwing       | |  1.0
Spellcasting   | |  2.1
Translocations | |  3.4

Action                   |  1- 3 |  4- 6 |  7- 9 | 10-12 || total
-------------------------+-------+-------+-------+-------++-------
Melee: Mace              |    78 |   223 |    31 |       ||   332
       Flail             |       |       |   492 |   137 ||   629
Throw: Dart              |       |     8 |    31 |       ||    39
 Cast: Manifold Assault  |       |       |       |     2 ||     2
Invok: Bend Time         |       |       |     3 |     4 ||     7
 Abil: Hop               |     1 |     3 |     7 |     2 ||    13
Evoke: Wand              |       |     3 |    12 |       ||    15
  Use: Scroll            |       |    10 |     4 |     6 ||    20
       Potion            |       |     4 |     1 |     3 ||     8
 Stab: Sleeping          |       |       |     1 |       ||     1
Armor: Chain mail        |    48 |   120 |    15 |    29 ||   212
       Ring mail         |     3 |    17 |   167 |       ||   187
       Leather armour    |     2 |       |       |       ||     2
       Skin              |       |       |       |    38 ||    38
Dodge: Dodged            |    26 |    70 |   269 |    37 ||   402
Block: Buckler           |       |       |    42 |    43 ||    85

Table legend: (Time is in decaauts)
 A = Elapsed time spent in this place.
 B = Non-inter-level travel time spent in this place.
 C = Inter-level travel time spent in this place.
 D = Time resting spent in this place.
 E = Time spent auto-exploring this place.
 F = Levels seen in this place.
 G = Mean time per level.
                   A        B        C        D        E       F      G
               +--------+--------+--------+--------+--------+-----+--------+
         Total |  17499 |  16725 |    774 |   1942 |  12578 |  12 | 1458.2 |
       Dungeon |  16401 |  15691 |    710 |   1942 |  11588 |  11 | 1491.0 |
        Temple |   1098 |   1035 |     63 |      0 |    989 |   1 | 1098.0 |
               +--------+--------+--------+--------+--------+-----+--------+

Top non-repeatable levels by time:
     D:7: 3015 daAuts
     D:6: 2943 daAuts
     D:5: 2415 daAuts
     D:8: 1871 daAuts
     D:1: 1687 daAuts
     D:3: 1455 daAuts
     D:4: 1272 daAuts
     D:2: 1207 daAuts
  Temple: 1098 daAuts
    D:10: 318 daAuts
     D:9: 191 daAuts
    D:11: 21 daAuts
